 Dungeon Crawl Stone Soup version 0.27.1 (webtiles) character file.

Game seed: 5766746001915553025

60 bande the Skirmisher (level 4, -2/29 HPs)
             Began as a Gargoyle Fighter on Aug 31, 2021.
             Slain by a gnoll (3 damage)
             ... on level 1 of the Dungeon.
             The game lasted 00:01:40 (1157 turns).

bande the Skirmisher (Gargoyle Fighter)             Turns: 1157, Time: 00:01:41

Health: -2/29      AC: 10    Str: 20    XL:     4   Next: 4%
Magic:  4/4        EV:  7    Int:  8    God:
Gold:   55         SH:  9    Dex: 10    Spells: 3/3 levels left

rFire    . . .     SeeInvis .   a - +0 war axe
rCold    . . .     Faith    .   c - +0 kite shield
rNeg     + . .     Spirit   .   b - +0 scale mail
rPois    ∞         Reflect  .   (no helmet)
rElec    +         Harm     .   (no cloak)
rCorr    .         Rampage  .   (no gloves)
Will     .....                  (no boots)
Stlth    ..........             (no amulet)
HPRegen  0.09/turn              (no ring)
MPRegen  0.09/turn              (no ring)

@: no status effects
A: sickness immunity, AC +3, negative energy resistance 1, electricity
resistance, torment resistance 1, petrification resistance
a: no special abilities


You were on level 1 of the Dungeon.
You visited 1 branch of the dungeon, and saw 2 of its levels.

You collected 55 gold pieces.

Inventory:

Hand Weapons
 a - a +0 war axe (weapon)
 h - a +0 flail
Armour
 b - a +0 scale mail (worn)
 c - a +0 kite shield (worn)
Potions
 d - 2 potions of might
 e - 2 potions of lignification {unknown}
 f - a potion of degeneration {unknown}
 g - 2 potions of berserk rage {unknown}


   Skills:
 + Level 3.7 Fighting
 + Level 2.5 Axes
 + Level 3.6 Armour
 - Level 1.0 Dodging
 + Level 3.6 Shields


You had 3 spell levels left.
You didn't know any spells.
Your spell library was empty.

Dungeon Overview and Level Annotations

Branches:
Dungeon (2/15)

Altars:


Innate Abilities, Weirdness & Mutations

You are immune to sickness and miasma.
Your stone body is resilient. (AC +3)
You are immune to poison.
You resist negative energy. (rN+)
You are resistant to electric shocks. (rElec)
You are resistant to unholy torment.
You are immune to petrification.


Message History

You start resting.
HP restored.
You climb downwards.
The gnoll hits you but does no damage. You block the gnoll's attack.
There is a stone staircase leading up here.
You block the gnoll's attack. The gnoll hits you with a +0 club.
You climb upwards.
There is a stone staircase leading down here.
You barely miss the gnoll. x2; The gnoll hits you with a +0 whip!
The gnoll hits you with a +0 club. The gnoll completely misses you.
The gnoll hits you with a +0 club.
You are too injured to fight recklessly!
You are too injured to fight recklessly!
You are too injured to fight recklessly!
You are too injured to fight recklessly!
You are too injured to fight recklessly!
You are too injured to fight recklessly!
You hit the gnoll.
The gnoll is lightly wounded.
You hit the gnoll but do no damage. The gnoll hits you with a +0 whip.
* * * LOW HITPOINT WARNING * * *
You block the gnoll's attack.
Your shield and scale mail prevent you from hitting the gnoll.
The gnoll is lightly wounded.
You hit the gnoll. The gnoll hits you but does no damage.
The gnoll hits you with a +0 club.
* * * LOW HITPOINT WARNING * * *
The gnoll hits you but does no damage. You block the gnoll's attack.
You hit the gnoll.
The gnoll is moderately wounded.
You hit the gnoll. The gnoll barely misses you. You block the gnoll's attack.
The gnoll hits you but does no damage.
You closely miss the gnoll.
The gnoll is moderately wounded.
You hit the gnoll.
You kill the gnoll!
The gnoll hits you with a +0 club.
* * * LOW HITPOINT WARNING * * *
The gnoll hits you with a +0 club.
You die...

# # # ##### # #.... # #.(..
# ######## #.... #
##......## #.... #
##..@)....## ###.... #
#...g).....# ##...... ###
#......(...# #..#.... ..##
#......)...###.##....
#..#######
#..........##..##....
##.......#
#..........#..#######
########.#####..(.....##.##
## # #.................#
#####. #
######..........#####....#


You could see a gnoll.

Vanquished Creatures
  3 gnolls (D:1)
  An adder (D:1)
  An adder skeleton (D:2)
  A ball python (D:1)
  A bat (D:1)
  5 goblins (D:1)
  5 hobgoblins (D:1)
  2 jackals (D:1)
  4 kobolds (D:1)
  3 rats
26 creatures vanquished.

Notes
Turn   | Place    | Note
-------+----------+-------------------------------------------
     0 | D:1      | bande the Gargoyle Fighter began the quest for the Orb.
     0 | D:1      | Reached XP level 1. HP: 14/14 MP: 1/1
    97 | D:1      | Found a faded altar of an unknown god.
    99 | D:1      | Reached XP level 2. HP: 19/19 MP: 2/2
   357 | D:1      | Reached XP level 3. HP: 4/23 MP: 3/3
  1022 | D:1      | Reached skill level 1 in Dodging
  1024 | D:1      | Reached XP level 4. HP: 17/29 MP: 4/4
  1157 | D:1      | HP: 1/29 [gnoll (3)]
  1157 | D:1      | Slain by a gnoll

Illustrated notes

Levels and vault maps discovered:
D:1:      dpeg_arrival_fog, layout_rooms, hellmonk_ecumenical_altar_crossroads,
          nrook_mini_backslash
D:2:      layout_rooms, hangedman_feature_mirror, minmay_misc_feat_tiny,
          uniq_terence

Skill      XL: |  1  2  3 |
---------------+----------+-----
Axes           | 2 |  2.5
Dodging        | 1 |  1.0
Fighting       | |  3.7
Armour         | |  3.6
Shields        | |  3.6

Action                   |  1- 3 |  4- 6 || total
-------------------------+-------+-------++-------
Melee: War axe           |    54 |     5 ||    59
Armor: Scale mail        |    33 |     4 ||    37
Dodge: Dodged            |    23 |     2 ||    25
Block: Kite shield       |    33 |     5 ||    38
